 Dungeon Crawl Stone Soup version 0.32-a0-290-g598725c5f2 (webtiles) character file.

Game seed: 15021094102330538697

172 adelrune the Chopper (level 5, -12/46 HPs)
             Began as a Mountain Dwarf Fighter on Feb 13, 2024.
             Mangled by an ogre
             ... wielding a +0 giant spiked club
              (24 damage)
             ... on level 3 of the Dungeon.
             The game lasted 00:05:07 (1944 turns).

adelrune the Chopper (Mountain Dwarf Fighter)       Turns: 1944, Time: 00:05:08

Health: -12/46     AC: 14    Str: 20    XL:     5   Next: 27%
Magic:  5/5        EV:  5    Int:  9    God:
Gold:   65         SH:  4    Dex:  9    Spells: 4/4 levels left

rFire   . . .        a - +0 war axe
rCold   . . .        c - +0 buckler
rNeg    . . .        u - +0 plate armour
rPois   .            q - +0 helmet
rElec   .            (no cloak)
rCorr   .            l - +0 pair of gloves
SInv    .            (no boots)
Will    .....        (no amulet) Stlth
                     (no ring)
HPRegen 0.27/turn    (no ring)
MPRegen 0.09/turn

%: no passive effects
@: mighty
A: runic magic, artefact enchanting
a: no special abilities


You were on level 3 of the Dungeon.
You visited 1 branch of the dungeon, and saw 3 of its levels.

You collected 65 gold pieces.

Inventory:

Hand Weapons
 a - a +0 war axe (weapon)
Missiles
 f - 4 poisoned darts
 o - 3 boomerangs
Armour
 b - a +0 scale mail
 c - a +0 buckler (worn)
 l - a +0 pair of gloves (worn)
 q - a +0 helmet (worn)
 u - a +0 plate armour (worn)
Wands
 v - a wand of flame (13)
Scrolls
 h - a scroll of vulnerability {unknown}
 j - 2 scrolls of identify {unknown}
 m - a scroll of noise {unknown}
 n - a scroll of enchant armour {unknown}
 r - a scroll of fog {unknown}
 t - a scroll of immolation {unknown}
Potions
 e - a potion of berserk rage {unknown}
 i - a potion of lignification {unknown}
 k - a potion of brilliance {unknown}
 p - a potion of heal wounds {unknown}
 s - a potion of curing {unknown}


   Skills:
 + Level 4.1 Fighting
 * Level 4.6 Axes
 + Level 4.1 Armour
 + Level 4.1 Shields


You had 4 spell levels left.
You didn't know any spells.
Your spell library was empty.

Dungeon Overview and Level Annotations

Branches:
Dungeon (3/15)

Altars:


Innate Abilities, Weirdness & Mutations

Your spellcasting is much less encumbered by armour.
You can use scrolls of enchantment on lesser artefacts.


Message History

The quokka bites you but does no damage.
The quokka bites you.
You barely miss the quokka. The quokka bites you.
You barely miss the quokka.
The quokka bites you but does no damage. x2
You miss the quokka. The quokka barely misses you.
The quokka bites you but does no damage.
You hit the quokka.
You kill the quokka!
You hit the goblin.
You kill the goblin!
Throw: 5 darts (poison)
Press: ? - help, Q - select action, (/) - cycle Shift-Dir - straight line, f - ogre
Aim: an ogre, wielding a +0 giant spiked club (70% to hit)
You throw a poisoned dart. The poisoned dart hits the ogre.
Throw: throwing net
Press: ? - help, Q - select action, (/) - cycle Shift-Dir - straight line, f/p - ogre
Aim: an ogre, wielding a +0 giant spiked club (70% to hit)
You throw a throwing net.
The throwing net barely misses the ogre.
The throwing net hits the endoplasm.
The endoplasm effortlessly oozes through the net!
The ogre closely misses you.
You feel very mighty all of a sudden.
The ogre hits you with a +0 giant spiked club.
You slash the ogre!
The ogre is heavily wounded.
You block the ogre's attack.
You hit the ogre.
The ogre is heavily wounded.
You closely miss the ogre.
The ogre is heavily wounded.
The ogre hits you with a +0 giant spiked club!!
Ouch! That really hurt!
* * * LOW HITPOINT WARNING * * *
You barely miss the ogre.
The ogre is heavily wounded.
The ogre hits you with a +0 giant spiked club!!
Ouch! That really hurt!
You die...

J## #.r#
####..##.....### r#
....#.. ###........##
.# )....#.#
#....##....# .#
.!.#..#.#
#.#####....# .# J!..
..#.# #.# #....#
J##....# .##.# #.#
#....# .r######..#..#
###.# #....#
..O....[.##†#####...#
######
.......###...rJO@.###
.....###.....######
.........#..##
......†....##
############


You could see an ogre, an endoplasm and a quokka.

Vanquished Creatures
  A jelly (D:3)
  Jessica (D:2)
  Robin (D:1)
  An adder (D:2)
  A dart slug (D:1)
  3 ribbon worms
  5 endoplasms
  A giant cockroach (D:1)
  8 goblins
  10 hobgoblins
  3 kobolds (D:1)
  2 quokkas
  5 ball pythons
  2 bats
  A frilled lizard (D:2)
  5 rats
50 creatures vanquished.

Notes
Turn   | Place    | Note
-------+----------+-------------------------------------------
     0 | D:1      | adelrune the Mountain Dwarf Fighter began the quest for the
                  | Orb.
     0 | D:1      | Reached XP level 1. HP: 19/19 MP: 1/1
   153 | D:1      | Reached XP level 2. HP: 26/26 MP: 2/2
   318 | D:1      | Found a faded altar of an unknown god.
   554 | D:1      | Reached XP level 3. HP: 31/31 MP: 3/3
   843 | D:2      | Noticed Robin
   868 | D:1      | Killed Robin
  1001 | D:1      | Reached XP level 4. HP: 38/40 MP: 4/4
  1528 | D:3      | Noticed Jessica
  1700 | D:2      | Killed Jessica
  1783 | D:3      | Reached XP level 5. HP: 37/46 MP: 5/5
  1898 | D:3      | Noticed an ogre
  1944 | D:3      | Mangled by an ogre

Illustrated notes

Levels and vault maps discovered:
D:1:      dpeg_arrival_round_c, layout_loops_ring,
          hellmonk_ecumenical_altar_heavens_door, minmay_indecisive_spiral
D:2:      layout_loops_ring, uniq_robin
D:3:      layout_rooms, minmay_randomly_rotated_circles, uniq_jessica

Skill      XL: |  1  2  3  4 |
---------------+-------------+-----
Axes           | 3 4 |  4.6
Fighting       | 4 |  4.1
Armour         | 4 |  4.1
Shields        | 4 |  4.1

Action                     |  1- 3 |  4- 6 || total
---------------------------+-------+-------++-------
  Melee: War axe           |    66 |    75 ||   141
  Throw: Dart              |       |    11 ||    11
         Throwing net      |       |     1 ||     1
    Use: Potion            |       |     1 ||     1
 Armour: Scale mail        |    41 |    17 ||    58
         Plate armour      |       |    49 ||    49
  Dodge: Dodged            |    31 |    36 ||    67
  Block: Buckler           |    16 |    17 ||    33

Table legend: (Time is in decaauts)
 A = Elapsed time spent in this place.
 B = Non-inter-level travel time spent in this place.
 C = Inter-level travel time spent in this place.
 D = Time resting spent in this place.
 E = Time spent auto-exploring this place.
 F = Levels seen in this place.
 G = Mean time per level.
                   A        B        C        D        E       F      G
               +--------+--------+--------+--------+--------+-----+--------+
         Total |   1999 |   1942 |     57 |    329 |   1142 |   3 |  666.3 |
       Dungeon |   1999 |   1942 |     57 |    329 |   1142 |   3 |  666.3 |
               +--------+--------+--------+--------+--------+-----+--------+

Top non-repeatable levels by time:
     D:1: 889 daAuts
     D:2: 756 daAuts
     D:3: 353 daAuts
